 Dungeon Crawl Stone Soup version 0.27.1-16-g815e20cd7a (webtiles) character file.

Game seed: 16455015724909576751

9 Descartes the Sneak (level 2, -1/14 HPs)
             Began as a Felid Delver on Nov 22, 2021.
             Slain by a centaur warrior zombie (4 damage)
             ... on level 5 of the Dungeon.
             The game lasted 00:01:03 (93 turns).

Descartes the Sneak (Felid Delver)                    Turns: 93, Time: 00:01:03

Health: -1/14      AC:  1    Str:  8    XL:     2   Next: 6%
Magic:  3/3        EV: 17    Int: 11    God:
Gold:   12         SH:  0    Dex: 17    Spells: 1/1 levels left
                                        Lives:  0   Deaths: 0

rFire    . . .     SeeInvis +     - Unarmed
rCold    . . .     Faith    .   (shield unavailable)
rNeg     . . .     Spirit   .   (armour unavailable)
rPois    .         Reflect  .   (helmet unavailable)
rElec    .         Harm     .   (cloak unavailable)
rCorr    .         Rampage  .   (gloves unavailable)
Will     .....                  (boots unavailable)
Stlth    ++++......             f - amulet of regeneration
HPRegen  1.04/turn              (no ring)
MPRegen  0.08/turn              (no ring)

@: quick
A: very small, claws 1, fangs 3, see invisible, speed 1, shaggy fur 1, stealthy
paws, no weapons or thrown items, no armour, multi-lived
a: no special abilities


You were on level 5 of the Dungeon.
You visited 1 branch of the dungeon, and saw 1 of its levels.

You collected 12 gold pieces.

Inventory:

Jewellery
 f - an amulet of regeneration (around neck)
Wands
 e - a wand of digging (3)
Scrolls
 a - a scroll of fog
 b - a scroll of magic mapping
 c - a scroll of fear
Potions
 d - a potion of haste
 g - a potion of berserk rage {unknown}


   Skills:
 - Level 3.0 Fighting
 - Level 2.6 Dodging
 + Level 7.2 Stealth
 - Level 2.0 Unarmed Combat


You had one spell level left.
You didn't know any spells.
Your spell library was empty.

Dungeon Overview and Level Annotations

Branches:
Dungeon (5/15)
 Temple: D:4-7

Altars:
Zin


Innate Abilities, Weirdness & Mutations

You have sharp claws.
You have razor-sharp teeth.
You have supernaturally acute eyesight. (SInv)
You cover ground quickly. (Speed+)
You are covered in fur. (AC +1)
Your paws help you pounce on unaware monsters.
You are incapable of wielding weapons or throwing items.
You cannot wear armour.
You gain extra lives every three experience levels.


Message History

The ice beast misses you.
You see here a red potion.
g - a red potion A centaur warrior zombie comes into view.
You pounce on the unaware helpless centaur warrior zombie!
You mangle the centaur warrior zombie!!
The centaur warrior zombie is moderately damaged.
The centaur warrior zombie hits you.
The centaur warrior zombie barely misses you.
You scratch the centaur warrior zombie.
Your bite misses the centaur warrior zombie.
The centaur warrior zombie is moderately damaged.
The centaur warrior zombie hits you.
The centaur warrior zombie barely misses you.
You scratch the centaur warrior zombie.
The centaur warrior zombie is moderately damaged.
The centaur warrior zombie barely misses you.
The centaur warrior zombie closely misses you.
The centaur warrior zombie barely misses you.
The centaur warrior zombie completely misses you.
You scratch the centaur warrior zombie.
You bite the centaur warrior zombie, but do no damage.
The centaur warrior zombie is heavily damaged.
The centaur warrior zombie hits you. The centaur warrior zombie kicks you.
You are too injured to fight recklessly!
You are too injured to fight recklessly!
You are too injured to fight recklessly!
You are too injured to fight recklessly!
You scratch the centaur warrior zombie.
The centaur warrior zombie is heavily damaged.
The centaur warrior zombie hits you.
* * * LOW HITPOINT WARNING * * *
The centaur warrior zombie kicks you.
* * * LOW HITPOINT WARNING * * *
You scratch the centaur warrior zombie.
The centaur warrior zombie is heavily damaged.
The centaur warrior zombie misses you. The centaur warrior zombie kicks you.
* * * LOW HITPOINT WARNING * * *
The centaur warrior zombie hits you.
You die...

##.#########.# ......
#.##....Z.......#
......##.##.. #@.#
.........##.. #..#
.......#.##.# #..# #
..#.........# #..##.###
.........##.####........
.......†.............###
#.#.#.......##########
....#....#..#...#
#.#.#.#..#..#...+


You could see a centaur warrior zombie.

Vanquished Creatures
  An adder (D:5)
1 creature vanquished.

Notes
Turn   | Place    | Note
-------+----------+-------------------------------------------
     0 | D:5      | Descartes the Felid Delver began the quest for the Orb.
     0 | D:5      | Reached XP level 1. HP: 10/10 MP: 2/2
     2 | D:5      | Found a glowing silver altar of Zin.
    24 | D:5      | Noticed an ice beast
    29 | D:5      | Reached skill level 7 in Stealth
    29 | D:5      | Reached XP level 2. HP: 14/14 MP: 3/3
    82 | D:5      | Noticed a centaur warrior zombie
    93 | D:5      | Slain by a centaur warrior zombie

Illustrated notes

Levels and vault maps discovered:
D:5:      layout_basic, mainiacjoe_overflow_concentric_impassable,
          nicolae_ru_awakened_eye, uniq_pikel

Skill      XL: |  1 |
---------------+----+-----
Stealth        | 7 |  7.2
Fighting       | |  3.0
Dodging        | |  2.6
Unarmed Combat | |  2.0

Action                   || total
-------------------------++-------
Melee: Unarmed           ||     8
       Bite              ||     1
 Stab: Sleeping          ||     2
Dodge: Dodged            ||     8
